 Dungeon Crawl Stone Soup version 0.31-a0-267-g3fc6992b3b (webtiles) character file.

Game seed: 15428555776367341911

483 Washie the Ruffian (level 7, -3/42 HPs)
             Began as a Gargoyle Shapeshifter on July 14, 2023.
             Was an Initiate of Nemelex Xobeh.
             Constricted to death by Ijyb (4 damage)
             ... on level 5 of the Dungeon.
             The game lasted 00:39:24 (4577 turns).

Washie the Ruffian (Gargoyle Shapeshifter)          Turns: 4577, Time: 00:39:24

Health: -3/42      AC: 11    Str: 20    XL:     7   Next: 12%
Magic:  7/7        EV: 13    Int:  9    God:    Nemelex Xobeh [......]
Gold:   245        SH:  0    Dex: 16    Spells: 5/6 levels left

rFire   . .          .
                       - Unarmed
rCold   . . .        (no shield)
rNeg    + . .        b - +1 ring mail
rPois   ∞            (helmet currently unavailable)
rElec   +            (cloak currently unavailable)
rCorr   .            (gloves currently unavailable)
SInv    .            (boots currently unavailable)
Will    .....        (no amulet)
Stlth   ++           g - +5 ring of evasion
HPRegen 0.27/turn    n - +6 ring of dexterity
MPRegen 0.10/turn

%: no passive effects
@: beast-form, grasped by roots, constricted
A: beast (slay +2), sickness immunity, AC +4, negative energy resistance 1,
electricity resistance, torment resistance 1, petrification resistance
a: Begin Untransformation, Renounce Religion, Draw Escape, Draw Destruction,
Draw Summoning


You were on level 5 of the Dungeon.
You worshipped Nemelex Xobeh.
Nemelex Xobeh was noncommittal.
You were a hulking beast.
You visited 2 branches of the dungeon, and saw 6 of its levels.

You collected 305 gold pieces.
You spent 60 gold pieces at shops.

Inventory:

Hand Weapons
 e - a +1 flail of holy wrath
 f - a +0 club
 k - a +0 short sword
 q - a +3 whip
Armour
 a - a +0 animal skin
 b - a +1 ring mail (worn)
 l - a +0 ring mail
Magical Staves
 r - a staff of air
Jewellery
 g - a +5 ring of evasion (left hand)
 n - a +6 ring of dexterity (right hand)
 u - a +4 ring of protection
 v - an amulet of guardian spirit
Talismans
 c - a beast talisman
Wands
 t - a wand of roots (9)
Scrolls
 j - 2 scrolls of teleportation
 m - 2 scrolls of enchant armour
 o - 3 scrolls of identify
 p - a scroll of amnesia
 w - 2 scrolls of blinking {unknown}
Potions
 d - a potion of curing {unknown}
 h - a potion of berserk rage {unknown}
 i - a potion of enlightenment {unknown}
 s - 2 potions of haste


   Skills:
 + Level 3.8 Fighting
 + Level 2.9 Armour
 - Level 1.6 Dodging
 + Level 3.1 Stealth
 * Level 4.6 Unarmed Combat
 + Level 3.1 Shapeshifting


You had 5 spell levels left.
You knew the following spells:

 Your Spells              Type           Power      Damage    Failure   Level
a - Summon Small Mammal   Summ           0%         N/A       56%         1

Your spell library contained the following spells:

 Spells                   Type           Power      Damage    Failure   Level
 Call Canine Familiar     Summ           0%         N/A       90%         3
 Summon Guardian Golem    Hex/Summ       0%         N/A       90%         3
 Vhi's Electric Charge    Tloc/Air       0%         N/A       90%         3
 Cause Fear               Hex            0%         N/A       100%        4
 Manifold Assault         Tloc           0%         N/A       100%        4
 Arcjolt                  Conj/Air       0%         1d10      100%        5
 Fireball                 Conj/Fire      0%         3d3       100%        5
 Dispersal                Tloc           0%         N/A       100%        6
 Disjunction              Tloc           0%         N/A       100%        8
 Maxwell's Capacitive Co  Air            0%         ∞         100%        8
 Dragon's Call            Summ           0%         N/A       100%        9


Dungeon Overview and Level Annotations

Branches:
Dungeon (5/15)             Temple (1/1) D:4

Altars:
Ashenzari
Cheibriados
Dithmenos
Elyvilon
Fedhas
Gozag
Hepliaklqana
Kikubaaqudgha
Nemelex Xobeh
Okawaru
Ru
Sif Muna
Vehumet
Wu Jian
Xom
Yredelemnul
Zin
The Shining One

Shops:
D:1 *   D:2 *   D:4 !

Annotations:
D:5 1 runed translucent door, AIAndy's ghost, novice DsSh; Ijyb


Innate Abilities, Weirdness & Mutations

You are a hulking beast.
Your limbs bulge with bestial killing power. (Slay +2)
You are immune to sickness and miasma.
Your stone body is resilient. (AC +4)
You are immune to poison.
You resist negative energy. (rN+)
You are resistant to electric shocks. (rElec)
You are resistant to unholy torment.
You are immune to petrification.


Message History

You hit Ijyb but do no damage.
Ijyb is severely wounded.
Ijyb zaps a wand.
The roots erupt in riotous growth!
The grasping roots grab you!
Ijyb is unaffected.
The grasping roots constrict you.
You hit Ijyb. Your punch misses Ijyb.
Ijyb is almost dead.
Ijyb closely misses you. The grasping roots constrict you.
You hit Ijyb but do no damage.
Ijyb is almost dead.
Ijyb hits you with a +0 dagger. The grasping roots constrict you.
You barely miss Ijyb.
Ijyb is almost dead.
Ijyb closely misses you. The grasping roots constrict you.
You barely miss Ijyb.
Ijyb is almost dead.
Ijyb hits you but does no damage. The grasping roots constrict you.
* * * LOW HITPOINT WARNING * * *
The grasping roots release their grip on you.
You hit Ijyb.
Ijyb is almost dead.
Ijyb hits you with a +0 dagger.
* * * LOW HITPOINT WARNING * * *
You hit Ijyb.
Ijyb is almost dead.
Ijyb zaps a wand.
The roots erupt in riotous growth!
The grasping roots grab you!
Ijyb is unaffected.
The grasping roots constrict you.
* * * LOW HITPOINT WARNING * * *
You hit Ijyb but do no damage.
Ijyb is almost dead.
Ijyb hits you with a +0 dagger.
* * * LOW HITPOINT WARNING * * *
The grasping roots constrict you.
* * * LOW HITPOINT WARNING * * *
You hit Ijyb but do no damage. Your punch misses Ijyb.
Ijyb is almost dead.
Ijyb barely misses you. The grasping roots constrict you.
You die...
Your body disappears without a glow.

..# ##$## #######
##...###.....#
##.....##.....#
#..<...g......#
..###.....##$....#
.........###.....#
#...gh.....# .# ..#
##.##..###.# .# #..#
#.##..### # .# #..#
#.#.....#
.###..#######.....#.#
.##...............#.#.
.##..###...#....).....
..#................###
.....[##.###.......#


You could see Ijyb.

Vanquished Creatures
  A phantom (D:5)
  2 scorpions (D:4)
  An orc priest (D:4)
  A jelly (D:4)
  Jessica (D:2)
  Terence (D:2)
  2 orc wizards (D:3)
  4 adders
  4 dart slugs
  4 worms
  7 orcs
  3 ball pythons
  6 bats
  5 endoplasms
  4 giant cockroaches
  6 goblins
  6 hobgoblins
  7 jackals
  6 kobolds
  4 quokkas
  2 frilled lizards
  A rat (D:2)
78 creatures vanquished.

Notes
Turn   | Place    | Note
-------+----------+-------------------------------------------
     0 | D:1      | Washie the Gargoyle Shapeshifter began the quest for the
                  | Orb.
     0 | D:1      | Reached XP level 1. HP: 12/12 MP: 1/1
   267 | D:1      | Reached XP level 2. HP: 18/18 MP: 2/2
   713 | D:1      | Reached skill level 1 in Stealth
   713 | D:1      | Reached XP level 3. HP: 22/22 MP: 3/3
   853 | D:1      | Found Niusm's Assorted Antiques.
  1516 | D:2      | Reached skill level 1 in Armour
  1577 | D:2      | Noticed Terence
  1611 | D:2      | Killed Terence
  1612 | D:2      | Reached XP level 4. HP: 13/27 MP: 4/4
  1678 | D:2      | Noticed Jessica
  1688 | D:2      | Killed Jessica
  1689 | D:2      | Reached skill level 3 in Unarmed Combat
  1717 | D:2      | Found a glowing silver altar of Zin.
  1965 | D:2      | Reached XP level 5. HP: 30/32 MP: 5/5
  2040 | D:2      | Found Holaraif's General Store.
  2067 | D:2      | Bought a potion of heal wounds for 60 gold pieces
  2086 | D:3      | Learned a level 1 spell: Summon Small Mammal
  2860 | D:4      | Reached XP level 6. HP: 33/37 MP: 6/6
  2874 | D:4      | Reached skill level 4 in Unarmed Combat
  3082 | D:4      | Found a blossoming altar of Fedhas.
  3231 | D:4      | Found a sparkling altar of Nemelex Xobeh.
  3233 | D:4      | Found Ezxarch's Distillery.
  3246 | D:4      | Became a worshipper of Nemelex Xobeh the Trickster
  3338 | D:4      | Found a staircase to the Ecumenical Temple.
  3364 | Temple   | Entered the Ecumenical Temple
  4033 | D:4      | Found a radiant altar of Vehumet.
  4468 | D:5      | Entered Level 5 of the Dungeon
  4475 | D:5      | Found a runed translucent door.
  4480 | D:5      | Noticed AIAndy's ghost (novice DsSh)
  4541 | D:5      | Reached XP level 7. HP: 42/42 MP: 7/7
  4552 | D:5      | Noticed Ijyb
  4576 | D:5      | HP: 1/42 [constriction (6)]
  4577 | D:5      | Constricted to death by Ijyb

Illustrated notes

Levels and vault maps discovered:
D:1:      sevenhm_arrival_forest_fort_small_5, layout_loops_corners,
          serial_rivers, chequers_serial_rivers_micro_b,
          chequers_serial_rivers_micro_b, chequers_serial_rivers_small_a,
          chequers_serial_rivers_small_3, chequers_serial_rivers_room_b,
          serial_shops, nicolae_diamond_shop, minmay_small_reverse_x
D:2:      layout_basic, basic_altar, serial_shops, shop,
          kennysheep_big_empty_room, nicolae_concentric_dashed_squares_wild,
          uniq_sigmund, uniq_terence, uniq_jessica
D:3:      layout_loops_ring, serial_bayou, serial_bayou_pond_e,
          serial_bayou_shore_a, serial_bayou_pond_d, serial_bayou_pond_d
D:4:      minmay_angry_zag, layout_basic, fiery_altar_vehumet, fedhas_altar_4,
          nemelex_xobeh_ov_fountains_minmay, minmay_temple_entry_arrows,
          serial_shops, nicolae_shop_industrial_runoff,
          chequers_serial_rivers_large_b, minivault_24
D:5:      layout_loops_cross, serial_shops, shop, ebering_ghost_sewer_f,
          uniq_ijyb
Temple:   regret_index_temple_generic_petals

Skill      XL: |  1  2  3  4  5  6 |
---------------+-------------------+-----
Stealth        | 1 2 3 |  3.1
Armour         | 1 2 |  2.9
Unarmed Combat | 3 4 |  4.6
Fighting       | 3 |  3.8
Shapeshifting  | 3 |  3.1
Dodging        | |  1.6

Action                     |  1- 3 |  4- 6 |  7- 9 || total
---------------------------+-------+-------+-------++-------
  Melee: Unarmed           |   132 |   209 |    16 ||   357
         Punch             |     1 |     7 |       ||     8
         Staff             |       |    23 |       ||    23
   Cast: Summon Small Mamm |       |     1 |       ||     1
Ability: Begin Untransform |       |     3 |       ||     3
    Use: Scroll            |     1 |     5 |       ||     6
         Potion            |     1 |     1 |       ||     2
   Stab: Sleeping          |       |     4 |       ||     4
 Armour: Animal skin       |    14 |       |       ||    14
         Skin              |     8 |       |       ||     8
         Ring mail         |    12 |    36 |     2 ||    50
  Dodge: Dodged            |    91 |   144 |     7 ||   242
   Form: Beast             |       |     3 |       ||     3

Table legend: (Time is in decaauts)
 A = Elapsed time spent in this place.
 B = Non-inter-level travel time spent in this place.
 C = Inter-level travel time spent in this place.
 D = Time resting spent in this place.
 E = Time spent auto-exploring this place.
 F = Levels seen in this place.
 G = Mean time per level.
                   A        B        C        D        E       F      G
               +--------+--------+--------+--------+--------+-----+--------+
         Total |   4618 |   4465 |    153 |    261 |   2312 |   6 |  769.7 |
       Dungeon |   4245 |   4092 |    153 |    261 |   2232 |   5 |  849.0 |
        Temple |    372 |    372 |      0 |      0 |     80 |   1 |  372.0 |
               +--------+--------+--------+--------+--------+-----+--------+

Top non-repeatable levels by time:
     D:1: 1431 daAuts
     D:4: 1223 daAuts
     D:3: 838 daAuts
     D:2: 644 daAuts
  Temple: 372 daAuts
     D:5: 106 daAuts
